 Dungeon Crawl Stone Soup version 0.29-a0-356-g7bc237e783 (webtiles) character file.

Game seed: 10437828896506759484

1301 kevlar127 the Ruffian (level 8, 0/83 HPs)
             Began as a Troll Berserker on Apr 26, 2022.
             Was an Elder of Trog.
             Splashed by a jelly's acid (4 damage)
             ... on level 5 of the Dungeon.
             The game lasted 00:13:51 (3694 turns).

kevlar127 the Ruffian (Troll Berserker)             Turns: 3694, Time: 00:13:52

Health: 0/83       AC: -4    Str: 28    XL:     8   Next: 31%
Magic:  7/7        EV: 10    Int:  3    God:    Trog [****..]
Gold:   269        SH:  0    Dex:  9    Spells: 7/7 levels left

rFire   + . .      SeeInvis .     - Unarmed
rCold   . . .      Faith    .   (no shield)
rNeg    + . .      Spirit   .   a - +0 animal skin
rPois   .          Reflect  .   (helmet restricted)
rElec   .          Harm     .   (no cloak)
rCorr   .          Rampage  .   (gloves unavailable)
Will    .....                   (boots unavailable)
Stlth   +.........              (no amulet)
HPRegen 1.03/turn               h - ring of positive energy
MPRegen 0.10/turn               t - ring of protection from fire

@: corroded
A: large, unfitting armour, claws 3, regeneration 1, shaggy fur 1, tough skin 1
a: Renounce Religion, Berserk, Trog's Hand, Brothers in Arms


You were on level 5 of the Dungeon.
You worshipped Trog.
Trog was greatly pleased with you.
You visited 1 branch of the dungeon, and saw 5 of its levels.
You also visited: Sewer.

You collected 269 gold pieces.

Inventory:

Missiles
 e - 127 stones (quivered)
 f - 2 javelins
 g - 4 poisoned darts
Armour
 a - a +0 animal skin (worn)
Jewellery
 h - a ring of positive energy (left claw)
 n - a ring of ice
 t - a ring of protection from fire (right claw)
Scrolls
 i - a scroll of noise {unknown}
 k - a scroll of amnesia {unknown}
 l - 2 scrolls of fog {unknown}
 m - a scroll of immolation {unknown}
 o - a scroll of teleportation {unknown}
 p - a scroll of enchant weapon {unknown}
 s - a scroll of brand weapon {unknown}
Potions
 b - 7 potions of flight
 c - 3 potions of berserk rage
 d - 4 potions of brilliance {unknown}
 j - a potion of cancellation
 q - a potion of magic
 r - a potion of invisibility
 v - 2 potions of mutation


   Skills:
 + Level 5.8 Fighting
 + Level 4.1 Throwing
 - Level 2.5 Dodging
 + Level 6.9 Unarmed Combat


You had 7 spell levels left.
You didn't know any spells.
Your spell library was empty.

Dungeon Overview and Level Annotations

Branches:
Dungeon (5/15)              Sewer (visited)
 Temple: D:4-7

Altars:
Dithmenos
Makhleb
Wu Jian
Yredelemnul


Innate Abilities, Weirdness & Mutations

You are too large for most types of armour.
You have claws for hands.
Your natural rate of healing is unusually fast.
You are covered in fur. (AC +1)
You have tough skin. (AC +1)


Message History

The jelly closely misses you. The orc completely misses you.
You scratch the orc.
The orc is severely wounded.
The jelly completely misses you. The orc closely misses you.
You claw the orc!
You kill the orc!
Trog accepts your kill. The orc hits you with a +0 dagger.
You see here a +0 falchion.
Unknown command.
You closely miss the orc. The jelly hits you but does no damage.
The orc barely misses you.
You scratch the jelly. The acid corrodes you!
Your claws burn!
The jelly is lightly wounded.
The jelly closely misses you. The orc barely misses you.
You scratch the jelly.
Your claws burn!
* * * LOW HITPOINT WARNING * * *
The jelly is heavily wounded.
The jelly barely misses you. The orc hits you with a +0 dagger.
* * * LOW HITPOINT WARNING * * *
You scratch the jelly but do no damage.
Your claws burn!
* * * LOW HITPOINT WARNING * * *
The jelly is heavily wounded.
The jelly barely misses you. The orc hits you with a +0 dagger.
* * * LOW HITPOINT WARNING * * *
You barely miss the jelly.
The jelly is heavily wounded.
The jelly hits you.
* * * LOW HITPOINT WARNING * * *
You are splashed with acid.
* * * LOW HITPOINT WARNING * * *
The orc hits you with a +0 dagger.
* * * LOW HITPOINT WARNING * * *
You scratch the jelly. The acid corrodes you!
Your claws burn!
* * * LOW HITPOINT WARNING * * *
The jelly is heavily wounded.
The jelly barely misses you. The orc hits you with a +0 dagger.
* * * LOW HITPOINT WARNING * * *
You scratch the jelly but do no damage.
Your claws burn!
You die...

# #####.†.).....# #..### #.
#.#.....#######.###..## ##
....###J# #.......## #...###.#
#........# #.....#
###.####.).##
..####..#####...#....#..### #
#......)...))o.......##...# #
######.....##J###....##...####
##.......#@# ##.#.####...#.
#......)..o# #...# ##....
#....)..)..# #..## ###..
#........)## #..# ##.
#.........# #..# #.
#.........# #.## #.
##.......## #.# ##. #.........
#.####### #.. #..........
##.##....# #.#


You could see a jelly and 2 orcs.

Vanquished Creatures
  The ghost of CowFu the Skirmisher, an amateur OgFi (D:3)
  Sigmund (D:4)
  A water moccasin (D:5)
  An ogre (D:3)
  A scorpion (D:5)
  A water moccasin zombie (D:3)
  A hound (D:4)
  4 orc priests
  A jelly (D:5)
  3 iguanas
  3 orc wizards (D:5)
  10 adders
  7 river rats (Sewer)
  An adder zombie (D:3)
  3 worms
  A dart slug (D:2)
  9 orcs
  13 ball pythons
  8 endoplasms
  3 giant cockroaches
  4 goblins
  3 hobgoblins
  11 jackals
  10 quokkas
  8 bats
  4 frilled lizards
  8 kobolds
  11 rats
132 creatures vanquished.

Notes
Turn   | Place    | Note
-------+----------+-------------------------------------------
     0 | D:1      | kevlar127 the Troll Berserker began the quest for the Orb.
     0 | D:1      | Reached XP level 1. HP: 22/22 MP: 0/0
    26 | D:1      | Found a faded altar of an unknown god.
   237 | D:1      | Reached XP level 2. HP: 27/29 MP: 1/1
   736 | D:2      | Reached ** piety under Trog
   742 | D:2      | Reached XP level 3. HP: 29/36 MP: 2/2
  1236 | D:3      | Found a runed translucent gate.
  1236 | D:3      | Found a runed translucent gate.
  1236 | D:3      | Found a runed translucent gate.
  1236 | D:3      | Noticed CowFu's ghost (amateur OgFi)
  1238 | D:3      | Found a basalt altar of Yredelemnul.
  1239 | D:3      | Noticed an ogre
  1244 | D:3      | Reached skill level 4 in Unarmed Combat
  1251 | D:3      | Killed an ogre
  1252 | D:3      | Reached XP level 4. HP: 31/48 MP: 3/3
  1252 | D:3      | Reached XP level 5. HP: 35/54 MP: 4/4
  1584 | D:3      | Found an ornate altar of the Wu Jian Council.
  1704 | D:3      | Reached skill level 5 in Unarmed Combat
  2167 | D:3      | Found a burning altar of Makhleb.
  2242 | D:3      | Killed CowFu's ghost
  2243 | D:3      | Reached skill level 1 in Throwing
  2243 | D:3      | Reached XP level 6. HP: 63/63 MP: 5/5
  2307 | D:4      | Reached XP level 7. HP: 70/71 MP: 6/6
  2382 | D:4      | Found a shadowy altar of Dithmenos.
  2601 | D:4      | Found a glowing drain.
  2617 | Sewer    | Entered a sewer
  2622 | Sewer    | Reached *** piety under Trog
  2889 | Sewer    | Reached skill level 5 in Fighting
  2960 | Sewer    | Reached skill level 6 in Unarmed Combat
  3330 | D:4      | Noticed Sigmund
  3339 | D:4      | Killed Sigmund
  3341 | D:4      | Reached **** piety under Trog
  3483 | D:5      | Entered Level 5 of the Dungeon
  3601 | D:5      | Reached XP level 8. HP: 81/81 MP: 7/7
  3693 | D:5      | HP: 4/83 [orc/+0 dagger (2)]
  3694 | D:5      | Splashed by a jelly's acid

Illustrated notes

Levels and vault maps discovered:
D:1:      pf_arrival_petrified_forest, layout_loops_ring,
          shapermc_ecumenical_altar_totnotflames
D:2:      layout_rooms, small_statue_intersection, minmay_quantized
D:3:      layout_loops_cross, nicolae_yredelemnul_ghost_church,
          lightli_temple_of_fire, nzn_wu_jian_council_hall
D:4:      layout_cave_pools, mainiacjoe_overflow_concentric_impassable,
          portal_sewer_entry_f, uniq_sigmund
D:5:      layout_rooms, nicolae_overflow_hidden_temple

Skill      XL: |  1  2  3  4  5  6  7  8 |
---------------+-------------------------+-----
Fighting       | 3 4 5 |  5.8
Unarmed Combat | 4 5 6 |  6.9
Throwing       | 1 2 3 4 |  4.1
Dodging        | |  2.5

Action                   |  1- 3 |  4- 6 |  7- 9 || total
-------------------------+-------+-------+-------++-------
Melee: Unarmed           |   118 |    53 |   211 ||   382
       Punch             |       |     2 |     7 ||     9
Invok: Trog's Hand       |       |     2 |     1 ||     3
       Berserk           |       |     1 |       ||     1
  Use: Scroll            |       |       |     5 ||     5
 Stab: Sleeping          |       |     1 |       ||     1
Armor: Animal skin       |    46 |    14 |    86 ||   146
Dodge: Dodged            |    59 |    32 |   111 ||   202

Table legend: (Time is in decaauts)
 A = Elapsed time spent in this place.
 B = Non-inter-level travel time spent in this place.
 C = Inter-level travel time spent in this place.
 D = Time resting spent in this place.
 E = Time spent auto-exploring this place.
 F = Levels seen in this place.
 G = Mean time per level.
                   A        B        C        D        E       F      G
               +--------+--------+--------+--------+--------+-----+--------+
         Total |   3842 |   3686 |    156 |    354 |   2477 |   6 |  640.3 |
       Dungeon |   3102 |   2946 |    156 |    354 |   1955 |   5 |  620.4 |
         Sewer |    740 |    740 |      0 |      0 |    521 |   1 |  740.0 |
               +--------+--------+--------+--------+--------+-----+--------+

Top non-repeatable levels by time:
     D:3: 1198 daAuts
   Sewer: 740 daAuts
     D:1: 683 daAuts
     D:4: 596 daAuts
     D:2: 421 daAuts
     D:5: 203 daAuts
